 Dungeon Crawl Stone Soup version 0.30.1-11-g7821555f0a (webtiles) character file.

Game seed: 16327103459682121339

9 porpoise the Vexing (level 2, -1/19 HPs)
             Began as a Demonspawn Enchanter on Nov 25, 2023.
             Slain by a ball python (3 damage)
             ... on level 2 of the Dungeon.
             The game lasted 00:03:11 (652 turns).

porpoise the Vexing (Demonspawn Enchanter)           Turns: 652, Time: 00:03:12

Health: -1/19      AC:  2    Str:  8    XL:     2   Next: 6%
Magic:  5/5        EV: 12    Int: 16    God:
Gold:   54         SH:  0    Dex: 13    Spells: 5/5 levels left

rFire   . . .        a - +1 dagger
rCold   . . .        (no shield)
rNeg    . . .        b - +0 robe
rPois   .            (no helmet)
rElec   .            (no cloak)
rCorr   .            (no gloves)
SInv    .            (no boots)
Will    .....        (no amulet)
Stlth   ++           (no ring)
HPRegen 0.23/turn    (no ring)
MPRegen 0.09/turn

%: no passive effects
@: no status effects
A: weakness stinger 1
a: no special abilities


You were on level 2 of the Dungeon.
You visited 1 branch of the dungeon, and saw 2 of its levels.

You collected 54 gold pieces.

Inventory:

Hand Weapons
 a - a +1 dagger (weapon)
Armour
 b - a +0 robe (worn)
Scrolls
 d - a scroll of teleportation {unknown}
 e - a scroll of enchant armour {unknown}
Potions
 c - 2 potions of invisibility


   Skills:
 + Level 1.2 Short Blades
 - Level 1.7 Dodging
 - Level 2.6 Stealth
 + Level 2.2 Spellcasting
 + Level 3.2 Hexes


You had 5 spell levels left.
You didn't know any spells.
Your spell library contained the following spells:

 Spells                   Type           Power      Damage    Failure   Level
 Ensorcelled Hibernation  Hex/Ice        12%        N/A       16%         2
 Confusing Touch          Hex            12%        N/A       16%         3
 Tukima's Dance           Hex            12%        N/A       16%         3
 Sandblast                Erth           2%         2d4       21%         1
 Passwall                 Tmut/Erth      0%         N/A       30%         2
 Dazzling Flash           Conj/Hex       12%        N/A       32%         3
 Stone Arrow              Conj/Erth      2%         3d7       52%         3


Dungeon Overview and Level Annotations

Branches:
Dungeon (2/15)

Altars:


Innate Abilities, Weirdness & Mutations

You have a small tail.


Message History

The dart slug is severely wounded.
The dart slug bites you but does no damage.
The quokka bites you.
You hit the dart slug.
The dart slug is almost dead.
The quokka closely misses you.
You hit the dart slug.
You kill the dart slug!
The quokka closely misses you.
You have reached level 2!
Your demonic ancestry asserts itself...
You grow a small tail.
You barely miss the quokka. The quokka bites you.
You barely miss the quokka.
Your tail-slap misses the quokka.
The quokka bites you but does no damage.
You hit the quokka.
The quokka is lightly wounded.
The quokka bites you.
* * * LOW HITPOINT WARNING * * *
You hit the quokka.
The quokka is moderately wounded.
The quokka bites you but does no damage.
A ball python comes into view.
You hit the quokka but do no damage.
The quokka is moderately wounded.
The quokka barely misses you. The quokka bites you.
* * * LOW HITPOINT WARNING * * *
You closely miss the quokka.
Your tail-slap misses the quokka.
The quokka is moderately wounded.
The quokka bites you.
* * * LOW HITPOINT WARNING * * *
You barely miss the quokka.
The quokka is moderately wounded.
The quokka bites you.
* * * LOW HITPOINT WARNING * * *
You hit the quokka.
You kill the quokka!
There is a stone staircase leading up here.
You closely miss the ball python. The ball python bites you.
You die...

## #.. ##.# #... #
#..# ..# #..# #...#
#######..###......
.........S@.......
.#######..###......
......†...# #...#
.###...>..# ..#
#.###..... # #
#.##### #.# ###


You could see a ball python.

Vanquished Creatures
  A dart slug (D:2)
  An endoplasm (D:1)
  A giant cockroach (D:1)
  2 quokkas
  A kobold (D:1)
  A rat (D:1)
7 creatures vanquished.

Notes
Turn   | Place    | Note
-------+----------+-------------------------------------------
     0 | D:1      | porpoise the Demonspawn Enchanter began the quest for the
                  | Orb.
     0 | D:1      | Reached XP level 1. HP: 13/13 MP: 3/3
    70 | D:1      | Found a faded altar of an unknown god.
   148 | D:1      | Reached skill level 1 in Short Blades
   640 | D:2      | Gained mutation: You have a small tail. [demonic ancestry]
   640 | D:2      | Reached XP level 2. HP: 11/19 MP: 5/5
   652 | D:2      | Slain by a ball python

Illustrated notes

Levels and vault maps discovered:
D:1:      ncdulo_smallfort, layout_basic, shapermc_ecumenical_altar_gd,
          minmay_strange_pillars
D:2:      layout_loops_ring, kennysheep_generic_room_8, uniq_robin

Skill      XL: |  1 |
---------------+----+-----
Short Blades   | 1 |  1.2
Dodging        | |  1.7
Stealth        | |  2.6
Spellcasting   | |  2.2
Hexes          | |  3.2

Action                     || total
---------------------------++-------
  Melee: Dagger            ||    74
         Punch             ||     1
   Stab: Sleeping          ||     2
 Armour: Robe              ||     7
  Dodge: Dodged            ||    11
